 Dungeon Crawl Stone Soup version 0.26-a0-858-gbf766624f9 (webtiles) character file.

Game seed: 5748543217636761264

1449 reriks the Shield-Bearer (level 8, -5/71 HPs)
             Began as a Minotaur Fighter on Nov 24, 2020.
             Slain by an orc warrior
             ... wielding a +3 scimitar
              (15 damage)
             ... on level 6 of the Dungeon.
             The game lasted 00:03:26 (2595 turns).

reriks the Shield-Bearer (Minotaur Fighter)         Turns: 2595, Time: 00:03:27

Health: -5/71      AC: 14    Str: 23    XL:     8   Next: 47%
Magic:  7/7        EV:  7    Int:  5    God:
Gold:   181        SH: 10    Dex: 10    Spells: 7/7 levels left

rFire    + . .     SeeInvis .   a - +0 long sword
rCold    x . .     Faith    .   c - +0 kite shield
rNeg     . . .     Spirit   .   j - +0 plate armour
rPois    .         Reflect  .   (helmet restricted)
rElec    .         Harm     .   k - +0 cloak
rCorr    .         Rampage  .   (no gloves)
MR       +....                  (no boots)
Stlth    ..........             f - amulet of regeneration
HPRegen  0.61/turn              A - ring of protection from magic
MPRegen  0.10/turn              q - ring of fire

@: no status effects
A: retaliatory headbutt, horns 2
a: no special abilities


You were on level 6 of the Dungeon.
You visited 1 branch of the dungeon, and saw 5 of its levels.

You collected 181 gold pieces.

Inventory:

Hand Weapons
 a - a +0 long sword (weapon)
 s - a +1 mace of draining
Missiles
 g - 7 silver javelins (quivered)
Armour
 b - a +0 scale mail
 c - a +0 kite shield (worn)
 j - a +0 plate armour (worn)
 k - a +0 cloak (worn)
 y - +0 swamp dragon scales
Jewellery
 f - an amulet of regeneration (around neck)
 p - an uncursed ring of stealth
 q - a ring of fire (right hand)
 A - a ring of protection from magic (left hand)
Scrolls
 l - 2 scrolls of random uselessness {unknown}
 m - a scroll of magic mapping {unknown}
 n - 8 scrolls of identify
 o - a scroll of blinking {unknown}
 r - 2 scrolls of amnesia {unknown}
 t - a scroll of fear
 v - a scroll of immolation {unknown}
 B - a scroll of teleportation {unknown}
Potions
 d - 2 potions of might
 h - a potion of haste
 i - a potion of resistance {unknown}
 u - a potion of lignification {unknown}
 w - a potion of attraction {unknown}
 x - a potion of degeneration {unknown}
 z - a potion of brilliance {unknown}


   Skills:
 + Level 6.6 Fighting
 + Level 6.1 Long Blades
 + Level 6.7 Armour
 + Level 4.9 Dodging
 + Level 6.7 Shields


You had 7 spell levels left.
You didn't know any spells.
Your spell library was empty.

Dungeon Overview and Level Annotations

Branches:
Dungeon (4/15)
 Temple: D:4-7

Altars:
Elyvilon
Hepliaklqana
Nemelex Xobeh
Xom
Zin


Innate Abilities, Weirdness & Mutations

You reflexively headbutt those who attack you in melee.
You have a pair of horns on your head.


Message History

Something hits you but does no damage. You block the orc warrior's attack.
You hear some strange, mumbled words.
A puff of flame appears from out of thin air!
You block the puff of flame.
You slash something!
The orc warrior hits you with a +3 scimitar!
* * * LOW HITPOINT WARNING * * *
You hear some strange, mumbled words.
A magic dart appears from out of thin air!
The magic dart hits you but does no damage.
You hit something. You headbutt something.
Reactivating autopickup.
You feel a bit more experienced. The orc warrior closely misses you.
You riposte.
You hit the orc warrior but do no damage.
Your headbutt misses the orc warrior.
The orc warrior is moderately wounded.
Unknown command.
The orc warrior hits you with a +3 scimitar!
You die...

.......#.....#.........#.......#
.......#.....######....#.......#
.......#..........+....+.......#
.......'†=........#....#.......#
.......##+#######+#....#####...#
##'#....# #.......#..##...#
...#....# #.......#...+...#
...#†...# #.......'...#...#
...#...>+ #@......#..###..#
...#....# #.o...).#..###..#
##.#....# #.......#...#...#
##.##.... #.......#...#...#
....#....# #.......#...#...#
....#....# #.......#...'...#
##.## #.......#..###+## ##.#
#.....###..###..# ...#
#.....#.........#


You could see an orc warrior.

Vanquished Creatures
  Maggie (D:6)
  Grinder (D:3)
  Sigmund (D:3)
  A sky beast (D:6)
  An ice beast (D:6)
  A gnoll sergeant (D:1)
  4 crimson imps (D:3)
  An orc priest (D:6)
  Crazy Yiuf (D:2)
  An iguana (D:6)
  Ijyb (D:3)
  Terence (D:2)
  An orc wizard (D:6)
  Robin (D:3)
  4 adders
  11 gnolls
  An ooze (D:3)
  3 worms
  2 dart slugs (D:2)
  3 leopard geckos
  7 bats
  4 giant cockroaches
  13 goblins
  9 hobgoblins
  2 jackals (D:3)
  4 quokkas
  2 ball pythons
  6 frilled lizards
  8 kobolds
  5 rats
101 creatures vanquished.

Notes
Turn   | Place    | Note
-------+----------+-------------------------------------------
     0 | D:1      | reriks the Minotaur Fighter began the quest for the Orb.
     0 | D:1      | Reached XP level 1. HP: 19/19 MP: 0/0
   230 | D:1      | Found a sparkling altar of Nemelex Xobeh.
   345 | D:1      | Reached XP level 2. HP: 27/27 MP: 1/1
   666 | D:2      | Reached skill level 1 in Dodging
   693 | D:2      | Reached XP level 3. HP: 33/33 MP: 2/2
   696 | D:2      | Noticed Terence
   704 | D:2      | Killed Terence
   844 | D:2      | Noticed a gnoll sergeant
   869 | D:1      | Killed a gnoll sergeant
   870 | D:1      | Reached XP level 4. HP: 41/41 MP: 3/3
   986 | D:2      | Reached XP level 5. HP: 38/47 MP: 4/4
  1100 | D:2      | Found a runed translucent door.
  1101 | D:2      | Noticed Crazy Yiuf
  1553 | D:2      | Killed Crazy Yiuf
  1620 | D:3      | Reached XP level 6. HP: 55/55 MP: 5/5
  1646 | D:3      | Noticed Robin
  1678 | D:3      | Reached skill level 5 in Armour
  1680 | D:3      | Killed Robin
  1681 | D:3      | Reached skill level 5 in Shields
  1761 | D:3      | Found a shimmering altar of Xom.
  1810 | D:3      | Reached skill level 5 in Fighting
  1863 | D:3      | Noticed Grinder
  1882 | D:3      | Killed Grinder
  1883 | D:3      | Reached XP level 7. HP: 43/61 MP: 6/6
  1938 | D:3      | Noticed Ijyb
  2021 | D:3      | Noticed Sigmund
  2036 | D:3      | Killed Sigmund
  2037 | D:3      | Reached skill level 5 in Long Blades
  2179 | D:3      | Killed Ijyb
  2297 | D:4      | You fall into a shaft and drop 2 floors!
  2298 | D:6      | Noticed Maggie
  2300 | D:6      | Found a glowing silver altar of Zin.
  2328 | D:6      | Killed Maggie
  2329 | D:6      | Reached XP level 8. HP: 30/70 MP: 7/7
  2428 | D:6      | Found a sparkling altar of Nemelex Xobeh.
  2428 | D:6      | Found a white marble altar of Elyvilon.
  2440 | D:6      | Found a hazy altar of Hepliaklqana.
  2595 | D:6      | Slain by an orc warrior

Illustrated notes

Levels and vault maps discovered:
D:1:      mrwooster_arrival_statue, layout_basic, minmay_fountain_box,
          nemelex_altar_shiori
D:2:      layout_basic, minmay_curled_crystal, chequers_serial_rivers_small_3,
          kennysheep_generic_room_4, uniq_terence, uniq_crazy_yiuf_cottage
D:3:      layout_loops_ring, led_xom_imps, uniq_robin, uniq_ijyb, uniq_grinder,
          uniq_sigmund
D:4:      layout_basic, kennysheep_mini, temple_hall
D:6:      layout_gridville, okawaru_altar_gauntlet_db, lemuel_crystal_altar,
          zin_academy, gammafunk_temple_overflow_statue, uniq_maggie

Skill      XL: |  1  2  3  4  5  6  7  8 |
---------------+-------------------------+-----
Dodging        | 1 2 3 4 |  4.9
Shields        | 4 5 6 |  6.7
Fighting       | 4 5 6 |  6.6
Long Blades    | 3 4 5 6 |  6.1
Armour         | 4 5 6 |  6.7

Action                   |  1- 3 |  4- 6 |  7- 9 || total
-------------------------+-------+-------+-------++-------
Melee: Long sword        |    82 |   160 |    90 ||   332
       Headbutt          |    15 |    33 |    29 ||    77
       Unarmed           |       |       |    16 ||    16
  Use: Scroll            |     3 |       |     1 ||     4
Armor: Scale mail        |    20 |       |       ||    20
       Plate armour      |    25 |   118 |    31 ||   174
       Skin              |       |       |     1 ||     1
Dodge: Dodged            |    22 |    37 |    27 ||    86
Block: Kite shield       |    54 |    90 |    33 ||   177
       Rpst.: Long sword |     8 |    11 |     4 ||    23

Table legend: (Time is in decaauts)
 A = Elapsed time spent in this place.
 B = Non-inter-level travel time spent in this place.
 C = Inter-level travel time spent in this place.
 D = Time resting spent in this place.
 E = Time spent auto-exploring this place.
 F = Levels seen in this place.
 G = Mean time per level.
                   A        B        C        D        E       F      G
               +--------+--------+--------+--------+--------+-----+--------+
         Total |   2685 |   2558 |    127 |    185 |   1576 |   5 |  537.0 |
       Dungeon |   2685 |   2558 |    127 |    185 |   1576 |   5 |  537.0 |
               +--------+--------+--------+--------+--------+-----+--------+

Top non-repeatable levels by time:
     D:2: 877 daAuts
     D:1: 781 daAuts
     D:3: 721 daAuts
     D:6: 305 daAuts
